 Dungeon Crawl Stone Soup version 0.30.0-5-g1a98f26d00 (webtiles) character file.

Game seed: 18255028630456448361

107 Irreverend the Insei (level 4, -2/37 HPs)
             Began as a Draconian Transmuter on May 13, 2023.
             Killed by nerve-wracking pain
             ... invoked by an orc priest
              (4 damage)
             ... on level 3 of the Dungeon.
             The game lasted 00:04:13 (2247 turns).

Irreverend the Insei (Draconian Transmuter)         Turns: 2247, Time: 00:04:14

Health: -2/37      AC:  6    Str: 18    XL:     4   Next: 56%
Magic:  14/16      EV: 12    Int: 15    God:
Gold:   205        SH:  0    Dex: 12    Spells: 4/7 levels left

rFire   . .          .
                       - Unarmed
rCold   . . .        (no shield)
rNeg    . . .        (body armour unavailable)
rPois   .            (helmet restricted)
rElec   .            f - +0 cloak
rCorr   .            (no gloves)
SInv    .            (no boots)
Will    .....        (no amulet)
Stlth   +            d - +6 ring of strength
HPRegen 0.26/turn    l - ring of magical power
MPRegen 0.15/turn

%: no passive effects
@: wereblooded
A: AC +5, unfitting armour, cold-blooded
a: no special abilities


You were on level 3 of the Dungeon.
You visited 1 branch of the dungeon, and saw 3 of its levels.

You collected 205 gold pieces.

Inventory:

Armour
 f - a +0 cloak (worn)
 m - a +0 pair of boots
Jewellery
 d - a +6 ring of strength (left hand)
 l - a ring of magical power (right hand)
Scrolls
 b - a scroll of enchant armour {unknown}
 e - 3 scrolls of fear {unknown}
 g - 2 scrolls of vulnerability {unknown}
 h - 4 scrolls of identify {unknown}
 j - 2 scrolls of noise {unknown}
 o - a scroll of teleportation {unknown}
 p - 2 scrolls of poison {unknown}
 q - a scroll of magic mapping {unknown}
Potions
 a - 2 potions of lignification
 c - 2 potions of brilliance {unknown}
 i - 4 potions of degeneration {unknown}
 k - a potion of heal wounds {unknown}
 n - a potion of invisibility {unknown}


   Skills:
 + Level 2.8 Fighting
 - Level 1.8 Dodging
 + Level 3.9 Unarmed Combat
 - Level 2.0 Spellcasting
 * Level 3.1 Transmutations


You had 4 spell levels left.
You knew the following spells:

 Your Spells              Type           Power      Damage    Failure   Level
a - Beastly Appendage     Tmut           22%        N/A       6%          1
b - Wereblood             Tmut           11%        N/A       9%          2

Your spell library contained the following spells:

 Spells                   Type           Power      Damage    Failure   Level
 Ensorcelled Hibernation  Hex/Ice        2%         N/A       32%         2
 Spider Form              Tmut/Pois      6%         N/A       34%         3
 Ice Form                 Ice/Tmut       6%         N/A       75%         4
 Anguish                  Hex/Necr       0%         N/A       91%         4


Dungeon Overview and Level Annotations

Branches:
Dungeon (3/15)

Altars:


Innate Abilities, Weirdness & Mutations

Your plain brown scales are hard. (AC +5)
You cannot fit into any form of body armour.
You are cold-blooded and may be slowed by cold attacks.


Message History

The orc is lightly wounded.
You barely miss the orc. You tail-slap the orc.
The orc is moderately wounded.
The orc priest calls down the wrath of Beogh upon you.
Beogh smites you! The orc barely misses you.
You hit the orc.
The orc is heavily wounded.
The orc hits you with a +0 flail!
You barely miss the orc.
You tail-slap the orc, but do no damage.
Your punch misses the orc.
The orc is heavily wounded.
An orc comes into view. It is wielding a +0 hand axe.
The orc hits you with a +0 flail!
Casting: Beastly Appendage (safe; 6% risk of failure)
Confirm with . or Enter, or press ? or * to list all spells.
Your blood is infused with primal strength.
The orc closely misses you.
Your magical contamination has completely faded away.
You barely miss the orc.
The orc is heavily wounded.
You hit the orc.
The orc is severely wounded.
The orc priest calls upon Beogh to heal the orc.
The orc's wounds heal themselves!
The orc hits you with a +0 flail!
* * * LOW HITPOINT WARNING * * *
You barely miss the orc. You tail-slap the orc.
The orc is heavily wounded.
The orc hits you but does no damage.
You hit the orc priest but do no damage.
Your tail-slap misses the orc priest.
The orc priest hits you with a +1 vampiric dagger.
* * * LOW HITPOINT WARNING * * *
The orc hits you with a +0 flail.
* * * LOW HITPOINT WARNING * * *
You barely miss the orc priest.
You tail-slap the orc priest, but do no damage.
The orc priest invokes the aid of Beogh against you.
Pain shoots through your body!
You die...

#.# .########
##...#....# ..#
........######......#
#.###
#######...#.....(...#
#...#
##......####....#
..... #..##..## ....#
#.#.# #)####.# #####
#... ##)# #.#
.#####..# #.#
........@# #..
...##.#.oo..##.
###### ......o...##.
......
....##....#...#
###### ###. .#####
#.. # ## #


You could see an orc priest and 2 orcs.

Vanquished Creatures
  Terence (D:3)
  An orc wizard (D:3)
  An adder (D:2)
  A worm (D:2)
  A dart slug (D:1)
  3 orcs (D:3)
  6 endoplasms
  A giant cockroach (D:3)
  3 goblins
  3 hobgoblins
  A quokka (D:2)
  6 ball pythons
  3 bats
  3 kobolds (D:2)
  4 rats
38 creatures vanquished.

Notes
Turn   | Place    | Note
-------+----------+-------------------------------------------
     0 | D:1      | Irreverend the Draconian Transmuter began the quest for the
                  | Orb.
     0 | D:1      | Reached XP level 1. HP: 16/16 MP: 3/3
   200 | D:1      | Reached XP level 2. HP: 19/23 MP: 3/5
  1072 | D:2      | Reached XP level 3. HP: 13/29 MP: 4/6
  1521 | D:3      | Noticed Terence
  2079 | D:3      | Killed Terence
  2080 | D:3      | Reached XP level 4. HP: 29/37 MP: 7/7
  2233 | D:3      | Learned a level 2 spell: Wereblood
  2247 | D:3      | Killed from afar by an orc priest

Illustrated notes

Levels and vault maps discovered:
D:1:      dpeg_arrival_radiant, layout_basic
D:2:      layout_rooms, grunt_ministairs_1
D:3:      layout_rooms, marbit_many_paths, gammafunk_ghost_cemetery,
          minmay_liquid_box, uniq_terence

Skill      XL: |  1  2  3 |
---------------+----------+-----
Fighting       | 2 |  2.8
Transmutations | 3 |  3.1
Dodging        | |  1.8
Unarmed Combat | |  3.9
Spellcasting   | |  2.0

Action                     |  1- 3 |  4- 6 || total
---------------------------+-------+-------++-------
  Melee: Unarmed           |    90 |    23 ||   113
         Headbutt          |     7 |     2 ||     9
         Tailslap          |    12 |     5 ||    17
         Kick              |    14 |     2 ||    16
         Punch             |       |     1 ||     1
   Cast: Beastly Appendage |    20 |     2 ||    22
         Wereblood         |       |     1 ||     1
 Armour: Skin              |    28 |     8 ||    36
  Dodge: Dodged            |    46 |     7 ||    53
